 Dungeon Crawl Stone Soup version 0.30.0-20-g3b4254fcbd (webtiles) character file.

Game seed: 598638877388887640

120320 fleeber the Warrior (level 17, -5/148 HPs)
             Began as a Djinni Conjurer on May 29, 2023.
             Was an Elder of Ashenzari.
             Slain by a caustic shrike simulacrum (14 damage)
             ... in an ice cave on June 2, 2023.
             The game lasted 02:35:08 (23298 turns).

fleeber the Warrior (Djinni Conjurer)              Turns: 23298, Time: 02:35:09

Health: -5/148     AC:  9    Str:  1    XL:     17   Next: 36%
Gold:   1786       EV:  8    Int: 32    God:    Ashenzari [****..] SH:  9 Dex: 14

rFire   + + .        O - +1 hand axe of the Blushing Asp {antimagic, rElec rCorr Str-5 SInv}
rCold   x . .        N - +0 kite shield
rNeg    . . .        X - +0 troll leather armour of the Circumscribed Sky {Regen+, Melee, Evo} (curse)
rPois   ∞            R - +2 hat of the Ensconced Planets {Cun, Self} (curse)
rElec   +            h - +0 cloak "Portent of Ashenzari" {Cun, Melee} (curse)
rCorr   +            n - +0 pair of gloves "Sorrow of Ashenzari" {Evo, Self} (curse)
SInv    +            (boots unavailable)
Will    ++...        a - amulet "Share My Portent" {Regen+, Fort, Self} (curse)
Stlth   ++           Y - +6 ring of intelligence
HPRegen 2.04/turn    D - ring of Ashenzari's Negation {Will+, Self, Evo} (curse)
MPRegen 0.00/turn

%: clarity, infuse magic (-6 HP)
@: flying
A: sickness immunity, fire resistance 2, cold vulnerability 1, float, innate
caster, HP casting, extra vitality 1, no potion heal 1
a: Renounce Religion, Shatter the Chains


You were in an ice cave.
You worshipped Ashenzari.
Ashenzari was greatly pleased with you.
You visited 5 branches of the dungeon, and saw 24 of its levels.
You also visited: Ice Cave and Volcano.

You collected 2584 gold pieces.
You spent 798 gold pieces at shops.

Inventory:

Hand Weapons
 O - the +1 hand axe of the Blushing Asp (weapon) {antimagic, rElec rCorr Str-5 SInv}
   (You bought it in a shop on level 2 of the Orcish Mines)

   Str:       It affects your strength (-5).
   rElec:     It insulates you from electricity.
   SInv:      It lets you see invisible.
   rCorr:     It protects you from acid and corrosion.
Armour
 h - the cursed +0 cloak "Portent of Ashenzari" (worn) {Cun, Melee}
   (You found it on level 1 of the Dungeon)

   It has a curse which improves the following skills: Cunning: Dodging and
   Stealth.
   Melee Combat: Short Blades, Long Blades, Axes, Maces & Flails, Polearms,
   Staves and Unarmed Combat.
 n - the cursed +0 pair of gloves "Sorrow of Ashenzari" (worn) {Evo, Self}
   (You found it on level 2 of the Dungeon)

   It has a curse which improves the following skills: Evocations: Evocations.
   Introspection: Fighting and Spellcasting.
 N - a +0 kite shield (worn)
 R - the cursed +2 hat of the Ensconced Planets (worn) {Cun, Self}
   (You found it on level 2 of the Lair of Beasts)

   It has a curse which improves the following skills: Cunning: Dodging and
   Stealth.
   Introspection: Fighting and Spellcasting.
 X - the cursed +0 troll leather armour of the Circumscribed Sky (worn) {Regen+, Melee, Evo}
   (You found it on level 12 of the Dungeon)

   Regen:     It increases your rate of health regeneration.
   It has a curse which improves the following skills: Melee Combat: Short
   Blades, Long Blades, Axes, Maces & Flails, Polearms, Staves and Unarmed
   Combat.
   Evocations: Evocations.
Jewellery
 a - the cursed amulet "Share My Portent" (around neck) {Regen+, Fort, Self}
   (You found it on level 2 of the Dungeon)

   [amulet of regeneration]

   Regen:     It increases your rate of health regeneration.
   It has a curse which improves the following skills: Fortitude: Armour and
   Shields.
   Introspection: Fighting and Spellcasting.
 e - a ring of willpower
 D - the cursed ring of Ashenzari's Negation (right hand) {Will+, Self, Evo}
   (You found it on level 6 of the Dungeon)

   [ring of willpower]

   Will:      It increases your willpower.
   It has a curse which improves the following skills: Introspection: Fighting
   and Spellcasting.
   Evocations: Evocations.
 Y - a +6 ring of intelligence (left hand)
Wands
 z - a wand of iceblast (10)
 B - a wand of paralysis (8)
 E - a wand of digging (4)
 F - a wand of acid (14)
 I - a wand of mindburst (13)
 K - a wand of polymorph (13)
 U - a wand of flame (13)
Scrolls
 b - 5 scrolls of vulnerability
 g - 14 scrolls of teleportation
 i - 5 scrolls of fear
 j - 4 scrolls of enchant weapon
 k - 5 scrolls of amnesia
 l - a scroll of enchant armour
 p - 4 scrolls of blinking
 s - 8 scrolls of poison
 u - 7 scrolls of fog
 y - 3 scrolls of torment
 P - 3 scrolls of magic mapping
 Q - 3 scrolls of brand weapon
 T - a scroll of silence
Potions
 c - 16 potions of curing
 d - a potion of cancellation
 f - 6 potions of heal wounds
 m - 2 potions of attraction
 o - 7 potions of lignification
 q - 3 potions of brilliance
 t - 5 potions of degeneration
 v - a potion of invisibility
 w - 3 potions of berserk rage
 C - 3 potions of magic
 G - 5 potions of mutation
 H - 4 potions of haste
 J - 2 potions of resistance
 V - 3 potions of ambrosia
 Z - 2 potions of might
Miscellaneous
 A - a lightning rod (4/4)
 L - a phantom mirror
 S - a phial of floods
 W - a box of beasts


   Skills:
 * Level 18.2(22.3) Fighting
 + Level 3.3(5.0) Armour
 + Level 13.0(15.6) Dodging
 - Level 1.5(3.3) Stealth
 + Level 3.3(4.9) Shields
 * Level 14.7(19.0) Spellcasting
 - Level 7.6(11.2) Evocations


You knew the following spells:

 Your Spells              Type           Power      Damage    Failure   Level
a - Magic Dart            Conj           100%       1d8       1%          1
b - Searing Ray           Conj           100%       2d8       1%          2
c - Dazzling Flash        Conj/Hex       100%       N/A       1%          3
d - Fulminant Prism       Conj/Hex       50%        3d22      1%          4
e - Iskenderun's Mystic   Conj/Tloc      100%       2d19      1%          4
f - Beastly Appendage     Tmut           100%       N/A       1%          1
g - Blink                 Tloc           100%       N/A       1%          2
h - Poisonous Vapours     Pois/Air       100%       N/A       1%          2
i - Cause Fear            Hex            50%        N/A       1%          4
j - Alistair's Intoxicat  Tmut/Pois      66%        N/A       1%          5
k - Borgnjor's Vile Clut  Necr/Erth      50%        N/A       1%          5
l - Summon Cactus Giant   Summ           50%        N/A       6%          6
m - Dragon Form           Tmut           50%        N/A       34%         7
Your spell library was empty.

Dungeon Overview and Level Annotations

Branches:
Dungeon (15/15)            Temple (1/1) D:7            Lair (5/5) D:11
  Swamp (1/4) Lair:3       Spider (0/4) Lair:3        Slime (0/5) Lair:5
    Orc (2/2) D:10            Elf (0/3) Orc:2        Vaults (0/5) D:14
 Depths (0/4) D:15          IceCv (1/1)             Volcano (visited)

Altars:
Ashenzari
Cheibriados
Dithmenos
Elyvilon
Fedhas
Gozag
Hepliaklqana
Makhleb
Nemelex Xobeh
Okawaru
Qazlal
Ru
Trog
Uskayaw
Wu Jian
Xom
Yredelemnul
Zin
The Shining One
Jiyva

Shops:
D:3 ?   D:5 [   D:8 *   D:13 :   D:14 *   Orc:1 (*   Orc:2 ?((:

Annotations:
D:4 2 transporters, Kamelo's ghost, amateur DrIE
Lair:5 2 runed translucent doors IceCv exclusion: obsidian statue


Innate Abilities, Weirdness & Mutations

You are immune to sickness and miasma.
You are immune to poison.
Your flesh is very heat resistant. (rF++)
You are vulnerable to cold. (rC-)
You float through the air rather than walking.
You learn spells naturally, not from books.
Your magical power is your life essence.
You have superior vitality. (+4 MHP)
Potions are less effective at restoring your health.


Message History

A caustic shrike simulacrum comes into view.
You block the caustic shrike simulacrum's attack.
You erupt in a blast of force!
The mystic blast hits the caustic shrike simulacrum!
The caustic shrike simulacrum is moderately damaged.
The caustic shrike simulacrum is knocked back by the mystic blast.
The caustic shrike simulacrum slams into the ice covered rock wall!
The caustic shrike simulacrum is moderately damaged.
You hear a roar!
A caustic shrike simulacrum comes into view.
The caustic shrike simulacrum claws you!
The caustic shrike simulacrum freezes you!!!!
You feel a terrible chill!
You erupt in a blast of force!
The mystic blast hits the caustic shrike simulacrum!!
The caustic shrike simulacrum is moderately damaged.
The caustic shrike simulacrum is knocked back by the mystic blast.
The caustic shrike simulacrum slams into the ice covered rock wall!
The caustic shrike simulacrum is heavily damaged.
The mystic blast hits the caustic shrike simulacrum!
The caustic shrike simulacrum is severely damaged.
The caustic shrike simulacrum is knocked back by the mystic blast.
The caustic shrike simulacrum slams into the ice covered rock wall!
The caustic shrike simulacrum is severely damaged.
The caustic shrike simulacrum claws you but does no damage.
The caustic shrike simulacrum claws you!!
The caustic shrike simulacrum freezes you!!!
You feel a terrible chill!
* * * LOW HITPOINT WARNING * * *
You erupt in a blast of force!
The mystic blast hits the caustic shrike simulacrum!!
The caustic shrike simulacrum vaporises!
* * * LOW HITPOINT WARNING * * *
You block the caustic shrike simulacrum's attack.
Okay, then.
Blink to where?
Press: ? - help, Dir - move target
As you read the scroll of blinking, it crumbles to dust.
The caustic shrike simulacrum claws you!
You die...

, ,, * *
, , {*###
** *, ,
{#.#
{{{#○##
*, , *,
*{#.{#Z##
* * *
*##.##@#
, * *
#####.##
##... **
,
##..#.##
..8.* *,
#......#
,...# *
##.##.⌠.#
*, ... *,
#..##..)#
* ..##
#.####.##
*..# *
#..#####
, *#.#
###...#
**, *
##.#


You could see a caustic shrike simulacrum.

Vanquished Creatures
  3 eleionomae (Swamp:1)
  Azrael (D:12)
  2 shambling mangroves (Swamp:1)
  A great orb of eyes (D:15)
  5 hydras
  2 vault guards (D:14)
  2 ogre magi (Orc:2)
  A caustic shrike simulacrum (IceCv)
  13 two-headed ogres
  2 boulder beetles
  9 centaur warriors
  5 tengu warriors
  5 death yaks (Lair:1)
  A hell knight (Volcano)
  Sonja (D:12)
  A fire crab (Lair:5)
  A skyshark (Lair:3)
  A pharaoh ant (Lair:3)
  2 deep trolls (Orc:2)
  6 spriggan simulacra (IceCv)
  3 bog bodies
  An orc knight (Orc:2)
  Pikel (D:5)
  A lindwurm (Lair:5)
  A deep elf archer (D:14)
  2 wizards (D:14)
  7 ugly things
  9 cyclopes
  2 necromancers
  A wolf spider (D:15)
  2 salamanders (Volcano)
  4 manticores
  A will-o-the-wisp (Swamp:1)
  8 elephants
  5 black mambas
  2 torpor snails
  5 molten gargoyles
  10 cane toads
  2 unseen horrors
  3 gargoyles
  An unseen horror zombie (D:10)
  14 komodo dragons
  2 rime drakes
  3 efreet
  3 tengu conjurers
  Maggie (D:7)
  A meliai (shapeshifter) (D:15)
  13 trolls
  A polar bear (Lair:4)
  A tarantella (Lair:3)
  8 hornets
  A wolf spider simulacrum (D:15)
  A tyrant leech (Swamp:1)
  7 dream sheep (Lair:5)
  23 blink frogs
  A jumping spider (Lair:3)
  4 slime creatures
  2 shadows
  4 spriggans (Swamp:1)
  8 wyverns
  A water elemental (D:15)
  A wraith (D:11)
  3 fire elementals
  9 basilisks
  A basilisk (shapeshifter) (D:15)
  19 humans (D:14)
  68 yaks
  A hog (shapeshifter) (D:13)
  2 redbacks (Lair:3)
  6 steam dragons
  3 wargs (Orc:1)
  17 vampire mosquitoes
  Menkaure (D:7)
  6 minotaur simulacra (IceCv)
  2 swamp worms (Swamp:1)
  2 acid dragons
  16 water moccasins
  9 hell hounds
  11 orc warriors
  2 black bears
  23 ogres
  3 sky beasts
  5 centaurs
  12 wolves
  2 kobold brigands (D:6)
  3 phantoms (D:5)
  A lemure (D:5)
  Blork the orc (D:4)
  2 gnoll sergeants (D:5)
  11 bullfrogs
  6 scorpions
  3 deep troll simulacra (IceCv)
  A necrophage (D:10)
  11 wights
  11 killer bees
  A lindwurm simulacrum (IceCv)
  An electric eel (D:15)
  7 centaur zombies
  A human zombie (D:10)
  5 lava snakes (Lair:5)
  3 bullfrog zombies (D:5)
  3 gnoll boudas
  3 hounds
  2 jellies
  14 orc priests
  A bullfrog skeleton (D:5)
  4 iguanas
  3 sleepcaps
  Terence (D:2)
  25 orc wizards
  3 polar bear simulacra (Lair:4)
  A killer bee zombie (D:5)
  3 wolf simulacra (Lair:4)
  5 yak simulacra (Lair:4)
  2 hound zombies (D:5)
  A mummy (D:10)
  A hound skeleton (D:5)
  Robin (D:2)
  2 howler monkey zombies (D:10)
  7 gnolls
  8 adders
  2 white imps (D:5)
  An ufetubus (D:6)
  2 adder zombies (D:5)
  4 worms
  3 dart slugs
  76 orcs
  8 ball pythons
  5 bats
  7 endoplasms
  6 giant cockroaches
  12 goblins
  8 hobgoblins
  2 jackals (D:5)
  5 quokkas
  3 frilled lizards
  12 kobolds
  4 rats
  3 fulminant prisms
779 creatures vanquished.

Vanquished Creatures (collateral kills)
  A dire elephant (D:15)
  A hydra (D:15)
  A caustic shrike simulacrum (IceCv)
  A bog body (IceCv)
  A spriggan simulacrum (IceCv)
  A freezing wraith (IceCv)
  An anaconda simulacrum (IceCv)
  An ice devil (IceCv)
  2 trolls (D:13)
  A minotaur simulacrum (IceCv)
  A hydra simulacrum (IceCv)
  An alligator simulacrum (IceCv)
  A deep troll simulacrum (IceCv)
  An orc (Orc:2)
15 creatures vanquished.

Vanquished Creatures (others)
  308 fulminant prisms
308 creatures vanquished.

Grand Total: 1102 creatures vanquished

Notes
Turn   | Place    | Note
-------+----------+-------------------------------------------
     0 | D:1      | fleeber the Djinni Conjurer began the quest for the Orb.
     0 | D:1      | fleeber set off with the following spells memorised: Magic
                  | Dart, Searing Ray, Dazzling Flash, Fulminant Prism,
                  | Iskenderun's Mystic Blast.
     0 | D:1      | Reached XP level 1. HP: 15/15 MP: 0/0
   182 | D:1      | Reached XP level 2. HP: 20/22 MP: 0/0
   196 | D:1      | Reached skill level 1 in Fighting
   392 | D:1      | Reached XP level 3. HP: 26/27 MP: 0/0
   392 | D:1      | Learned a level 1 spell: Beastly Appendage
  1001 | D:2      | Reached skill level 2 in Fighting
  1102 | D:2      | Noticed Terence
  1147 | D:2      | Reached XP level 4. HP: 33/33 MP: 0/0
  1183 | D:2      | Killed Terence
  1279 | D:2      | Noticed Robin
  1321 | D:2      | Killed Robin
  1322 | D:2      | Reached XP level 5. HP: 39/40 MP: 0/0
  1322 | D:2      | Learned a level 2 spell: Blink
  1328 | D:2      | Reached skill level 3 in Fighting
  1446 | D:3      | Found Jugu's Magic Scroll Emporium.
  1553 | D:3      | Bought a scroll of identify for 20 gold pieces
  1626 | D:3      | Reached XP level 6. HP: 44/46 MP: 0/0
  1830 | D:3      | Reached skill level 4 in Fighting
  2231 | D:3      | Found a shadowy altar of Dithmenos.
  2240 | D:3      | Found a burning altar of Makhleb.
  2241 | D:3      | Found a snail-covered altar of Cheibriados.
  2432 | D:4      | Found a transporter.
  2530 | D:4      | Found a transporter.
  2540 | D:4      | Noticed Kamelo's ghost (amateur DrIE)
  2554 | D:4      | Found an ornate altar of the Wu Jian Council.
  2621 | D:4      | Reached XP level 7. HP: 47/53 MP: 0/0
  2621 | D:4      | Learned a level 2 spell: Poisonous Vapours
  2698 | D:4      | Noticed Blork the orc
  2704 | D:4      | Killed Blork the orc
  2705 | D:4      | Reached skill level 5 in Spellcasting
  2863 | D:4      | Reached skill level 5 in Fighting
  3239 | D:5      | Entered Level 5 of the Dungeon
  3249 | D:5      | Found Teyl's Armour Shoppe.
  3383 | D:5      | Reached XP level 8. HP: 60/60 MP: 0/0
  3393 | D:5      | Reached skill level 6 in Fighting
  3494 | D:5      | Found an opulent altar of Gozag.
  3495 | D:5      | Found a sacrificial altar of Ru.
  3671 | D:5      | Reached skill level 7 in Fighting
  3846 | D:5      | Reached XP level 9. HP: 60/68 MP: 0/0
  3846 | D:5      | Learned a level 4 spell: Cause Fear
  3868 | D:5      | Noticed Pikel
  3888 | D:5      | Killed Pikel
  3889 | D:5      | Reached skill level 8 in Fighting
  5015 | D:6      | Reached skill level 9 in Fighting
  5016 | D:6      | Reached XP level 10. HP: 77/78 MP: 0/0
  5245 | D:6      | Found a white marble altar of Elyvilon.
  5596 | D:7      | Noticed Menkaure
  5604 | D:7      | Killed Menkaure
  5739 | D:7      | Noticed Maggie
  5749 | D:7      | Killed Maggie
  5857 | D:7      | Reached skill level 10 in Fighting
  6005 | D:7      | Found a staircase to the Ecumenical Temple.
  6017 | Temple   | Entered the Ecumenical Temple
  6124 | Temple   | Became a worshipper of Ashenzari the Shackled
  6488 | D:8      | Reached skill level 1 in Evocations
  6645 | D:8      | Reached skill level 5 in Dodging
  6672 | D:8      | Reached XP level 11. HP: 69/86 MP: 0/0
  6672 | D:8      | Learned a level 5 spell: Alistair's Intoxication
  6907 | D:8      | Found Ronwisch's Retail Resort.
  6915 | D:8      | Bought a potion of resistance for 130 gold pieces
  7083 | D:9      | Reached * piety under Ashenzari
  7548 | D:9      | Noticed a two-headed ogre
  7567 | D:9      | Killed a two-headed ogre
  7568 | D:9      | Reached skill level 11 in Fighting
  7744 | D:9      | Reached ** piety under Ashenzari
  8047 | D:10     | Entered Level 10 of the Dungeon
  8053 | D:10     | You are sucked into a shaft and drop 3 floors!
  8060 | D:13     | Noticed a centaur warrior
  8066 | D:13     | Killed a centaur warrior
  8085 | D:13     | Noticed a red ugly thing
  8197 | D:12     | Noticed Sonja
  8420 | D:10     | Noticed a two-headed ogre
  8426 | D:10     | Killed a two-headed ogre
  8526 | D:10     | Reached *** piety under Ashenzari
  8682 | D:10     | Found a staircase to the Orcish Mines.
  8706 | D:10     | Noticed a six-headed hydra
  8724 | D:10     | Killed a six-headed hydra
  8725 | D:10     | Reached XP level 12. HP: 93/98 MP: 0/0
  8726 | D:10     | Noticed a two-headed ogre
  8732 | D:10     | Killed a two-headed ogre
  8733 | D:10     | Reached skill level 12 in Fighting
  8788 | D:10     | Reached skill level 10 in Spellcasting
  9323 | D:11     | Reached skill level 5 in Evocations
  9351 | D:11     | Found a staircase to the Lair.
  9551 | D:11     | Found a sacrificial altar of Ru.
  9551 | D:11     | Noticed a tengu warrior
  9558 | D:11     | Killed a tengu warrior
 10095 | Lair:1   | Entered Level 1 of the Lair of Beasts
 10253 | Lair:1   | Reached skill level 13 in Fighting
 10262 | Lair:1   | Reached XP level 13. HP: 96/105 MP: 0/0
 10262 | Lair:1   | Learned a level 5 spell: Borgnjor's Vile Clutch
 11055 | Lair:2   | Identified the +1 trident "Nesiunih" {speed, rPois Str+2}
 11166 | Lair:2   | Reached skill level 1 in Armour
 11166 | Lair:2   | Reached skill level 1 in Shields
 11666 | Lair:3   | Noticed a six-headed hydra
 11677 | Lair:3   | Killed a six-headed hydra
 11689 | Lair:3   | Reached skill level 14 in Fighting
 11940 | Lair:3   | Reached XP level 14. HP: 113/114 MP: 0/0
 11990 | Lair:3   | Found a hole to the Spider Nest.
 12182 | Lair:3   | Found a staircase to the Swamp.
 12385 | Lair:3   | Found a broken altar of Ashenzari.
 12408 | Lair:3   | Reached **** piety under Ashenzari
 13497 | Lair:4   | Reached ***** piety under Ashenzari
 13829 | Lair:5   | Entered Level 5 of the Lair of Beasts
 13836 | Lair:5   | Reached skill level 15 in Fighting
 13839 | Lair:5   | Reached skill level 10 in Dodging
 13939 | Lair:5   | Found a sparkling altar of Nemelex Xobeh.
 14321 | Lair:5   | Found a viscous altar of Jiyva.
 14322 | Lair:5   | Found a staircase to the Slime Pits.
 14507 | Lair:5   | Reached XP level 15. HP: 108/126 MP: 0/0
 14507 | Lair:5   | Learned a level 6 spell: Summon Cactus Giant
 14785 | Lair:5   | Found a large runed translucent door.
 14863 | Lair:5   | Found a large runed translucent door.
 15523 | D:12     | Noticed Azrael
 15537 | D:12     | Killed Azrael
 15875 | D:12     | Killed Sonja
 16134 | D:12     | Reached skill level 16 in Fighting
 16624 | Orc:1    | Entered Level 1 of the Orcish Mines
 16648 | Orc:1    | Found Roem's Weapon Boutique.
 16708 | Orc:1    | Found Alirhee's Mayhem Merchandise.
 17230 | Orc:2    | Entered Level 2 of the Orcish Mines
 17230 | Orc:2    | Found a staircase to the Elven Halls.
 17486 | Orc:2    | Found Wycupoy's Magic Scroll Shop.
 17487 | Orc:2    | Found Ygeir's Antique Weapon Emporium.
 17493 | Orc:2    | Found Sicul's Weapon Boutique.
 17494 | Orc:2    | Found Guseraori's Book Boutique.
 17528 | Orc:2    | Found a dark tunnel.
 17536 | Volcano  | Entered a volcano
 17606 | Volcano  | Reached XP level 16. HP: 122/135 MP: 0/0
 17770 | Volcano  | Noticed an orb of fire
 17792 | Volcano  | Noticed an orb of fire
 18186 | Orc:2    | Bought a scroll of magic mapping for 120 gold pieces
 18190 | Orc:2    | Bought a scroll of immolation for 64 gold pieces
 18888 | D:13     | Reached skill level 17 in Fighting
 19501 | D:13     | Found Yghofa's Book Boutique.
 19682 | D:13     | Upgraded the game from 0.30.0-19-g36f170ea60 to
                  | 0.30.0-20-g3b4254fcbd
 20867 | D:14     | Found a gate to the Vaults.
 20934 | D:14     | Found Suimimof's CLEARANCE SALE!.
 21161 | D:15     | Entered Level 15 of the Dungeon
 21306 | Orc:2    | Bought the +1 hand axe of the Blushing Asp {antimagic,
                  | rElec rCorr Str-5 SInv} for 464 gold pieces
 21684 | D:15     | Found an iron altar of Okawaru.
 21915 | D:15     | Found a staircase to the Depths.
 22671 | Swamp:1  | Entered Level 1 of the Swamp
 22681 | Swamp:1  | Reached XP level 17. HP: 122/148 MP: 0/0
 22681 | Swamp:1  | Learned a level 7 spell: Dragon Form
 22687 | Swamp:1  | Reached skill level 18 in Fighting
 22706 | Lair:3   | Gained mutation: Potions are less effective at restoring
                  | your health. [mutagenic glow]
 23016 | Swamp:1  | Found a frozen archway.
 23023 | IceCv    | Entered an ice cave
 23298 | IceCv    | Slain by a caustic shrike simulacrum

Illustrated notes

Levels and vault maps discovered:
D:1:      minmay_arrival_glassed_features, layout_loops_ring,
          hangedman_abyss_or_decor_stabs
D:2:      layout_rooms, uniq_terence, uniq_robin
D:3:      layout_basic, minitemple, serial_shops,
          nicolae_shop_just_a_little_nook
D:4:      layout_loops_corners, mainiacjoe_overflow_alcove_2,
          gammafunk_ghost_gnarly_gnolls, uniq_blork_the_orc
D:5:      minmay_recursive_quarters, layout_loops_corners,
          nicolae_overflow_two_pavilions, serial_shops, shop_fountains,
          serial_undead, serial_undead_d, serial_undead_b, serial_undead_f,
          serial_undead_a, serial_undead_b, serial_undead_b, uniq_pikel
D:6:      layout_basic, mainiacjoe_overflow_surrounded_room, serial_rivers,
          chequers_serial_rivers_large_a, chequers_serial_rivers_large_b,
          chequers_serial_rivers_micro_b, chequers_serial_rivers_marsh,
          chequers_serial_rivers_marsh, minmay_diced_spiral
D:7:      layout_cave_pools, minmay_temple_entry_antechambers,
          uniq_crazy_yiuf_cottage, uniq_menkaure, uniq_maggie
D:8:      layout_cave_pools, nicolae_alphabet_shops, minmay_checkerbox
D:9:      layout_stronghold
D:10:     layout_roguey, lemuel_mausoleum_altar_kikubaaqudgha, orc_0_dummy
D:11:     layout_loops_ring, david_lair_generic, nicolae_ru_awakened_eye
D:12:     layout_basic, led_sif_pool, uniq_azrael, uniq_sonja
D:13:     layout_rooms, serial_shops, nicolae_shop_tiny_waterfront
D:14:     layout_cave_pools, grunt_vaults_entry_tiered, minivault_11,
          nicolae_shop_clearance
D:15:     hangedman_depths_entry_try_elsewhere_first, layout_basic,
          corexii_hall_statues_s, minivault_10, okawaru_gym_becter
Temple:   nicolae_temple_two_arcs
Lair:1:   layout_hall_layers, grunt_megastairs_2
Lair:2:   layout_misc_corridors, chequers_serial_rivers_marsh
Lair:3:   layout_regular_city, skrybe_swamp_entry_bodies,
          nicolae_spider_entry_lesser_pyramids, basic_altar,
          dreamdust_gnoll_shepherd
Lair:4:   layout_gridlike, eino_house_with_fridge, lemuel_fruit_fields
Lair:5:   cheibrodos_lair_end_hotspot, layout_regular_city, slime_entry_1,
          basic_altar
Swamp:1:  nicolae_swamp_wrong_neighborhood, layout_basic_swamp,
          portal_ice_cave_entry_horrid_things, evilmike_swamp_ruin_house_2,
          infiniplex_staircase_pool
Orc:1:    cheibrodos_orc_guarddog, layout_caves, serial_shops, shop,
          minmay_shop_mayhem, nicolae_orc_bridge_out
Orc:2:    st_orc_open, layout_caves, nicolae_volcano_entry_hallway
IceCv:    ice_cave_caverns_01

Skill      XL: |  1  2  3  4  5  6  7  8  9 10 11 12 13 14 15 16 17 |
---------------+----------------------------------------------------+-----
Fighting       | 1 2 3 4 5 7 9 10 11 13 14 15 16 17 18 | 18.2
Spellcasting   | 4 5 6 7 8 9 10 11 12 13 14 | 14.7
Dodging        | 3 5 6 7 9 10 11 12 13 | 13.0
Evocations     | 1 4 5 7 |  7.6
Armour         | 2 3 |  3.3
Shields        | 2 3 |  3.3
Stealth        | |  1.5

Action                     |  1- 3 |  4- 6 |  7- 9 | 10-12 | 13-15 | 16-18 || total
---------------------------+-------+-------+-------+-------+-------+-------++-------
  Melee: Short sword       |       |       |       |     1 |       |       ||     1
         Trident           |       |       |       |       |     1 |       ||     1
         Scimitar          |       |       |       |       |     2 |     4 ||     6
         Hand axe          |       |       |       |       |       |     1 ||     1
   Cast: Magic Dart        |    73 |    86 |   171 |    77 |   206 |    71 ||   684
         Searing Ray       |     3 |    22 |    34 |    34 |    43 |    24 ||   160
         Fulminant Prism   |       |       |    15 |    74 |   145 |    80 ||   314
         Iskenderun's Myst |       |       |       |    99 |   220 |   166 ||   485
         Blink             |       |       |       |     2 |       |     1 ||     3
         Borgnjor's Vile C |       |       |       |       |    15 |     9 ||    24
         Summon Cactus Gia |       |       |       |       |       |    17 ||    17
 Invoke: Curse Item        |       |       |       |     4 |     7 |     2 ||    13
         Shatter the Chain |       |       |       |     1 |     4 |     2 ||     7
  Evoke: Wand              |       |       |       |       |       |     1 ||     1
    Use: Scroll            |       |     3 |     3 |     4 |       |     3 ||    13
         Potion            |       |       |       |       |       |     3 ||     3
 Armour: Leather armour    |     1 |     6 |    18 |    17 |    13 |       ||    55
         Robe              |     1 |       |       |       |       |       ||     1
         Troll leather arm |       |       |       |       |     3 |    20 ||    23
  Dodge: Dodged            |    10 |    19 |    31 |    52 |    82 |    63 ||   257
  Block: Kite shield       |       |       |       |       |       |    22 ||    22
         Buckler           |       |       |       |       |       |    15 ||    15
